 Dungeon Crawl Stone Soup version 0.29.1-1-gd02db6906a (webtiles) character file.

Game seed: 6069870499473104163

121 Nerdsrcool the Conjurer (level 4, 0/34 HPs)
             Began as a Draconian Conjurer on Oct 7, 2022.
             Succumbed to a scorpion's poison
             ... on level 4 of the Dungeon.
             The game lasted 00:11:10 (2060 turns).

Nerdsrcool the Conjurer (Draconian Conjurer)        Turns: 2060, Time: 00:11:11

Health: 0/34       AC:  6    Str:  9    XL:     4   Next: 77%
Magic:  1/7        EV: 12    Int: 20    God:
Gold:   67         SH:  0    Dex: 10    Spells: 7/8 levels left

rFire   . . .      SeeInvis .   d - +0 dagger
rCold   . . .      Faith    .   (no shield)
rNeg    . . .      Spirit   .   (body armour unavailable)
rPois   .          Reflect  .   (helmet restricted)
rElec   .          Harm     .   (no cloak)
rCorr   .          Rampage  .   k - +0 pair of gloves
Will    .....                   (no boots)
Stlth   ++........              (no amulet)
HPRegen 0.11/turn               (no ring)
MPRegen 0.10/turn               (no ring)

@: lethally poisoned (0 -> -5), on berserk cooldown, slowed, very slow
A: AC +5, unfitting armour, cold-blooded
a: no special abilities


You were on level 4 of the Dungeon.
You visited 1 branch of the dungeon, and saw 3 of its levels.

You collected 67 gold pieces.

Inventory:

Hand Weapons
 d - a +0 dagger (weapon)
Missiles
 g - 9 stones
 h - 5 poisoned darts
Armour
 k - a +0 pair of gloves (worn)
Scrolls
 c - a scroll of enchant weapon {unknown}
 e - a scroll of blinking {unknown}
 f - 2 scrolls of amnesia {unknown}
 i - a scroll of vulnerability {unknown}
 j - 2 scrolls of teleportation {unknown}
 l - a scroll of identify {unknown}
Potions
 a - a potion of magic


   Skills:
 + Level 0.4 Fighting
 + Level 1.2 Short Blades
 + Level 2.6 Dodging
 + Level 2.1 Stealth
 + Level 2.6 Spellcasting
 + Level 4.9 Conjurations


You had 7 spell levels left.
You knew the following spells:

 Your Spells              Type           Power      Damage    Failure   Level
a - Magic Dart            Conj           88%        1d7       1%          1

Your spell library contained the following spells:

 Spells                   Type           Power      Damage    Failure   Level
 Searing Ray              Conj           44%        2d6       3%          2
 Dazzling Flash           Conj/Hex       24%        N/A       16%         3
 Confusing Touch          Hex            2%         N/A       41%         3
 Fulminant Prism          Conj/Hex       6%         3d7       47%         4
 Iskenderun's Mystic Bla  Conj/Tloc      12%        2d5       47%         4
 Yara's Violent Unravell  Hex/Tmut       1%         3d3       99%         5
 Enfeeble                 Hex            1%         N/A       100%        7


Dungeon Overview and Level Annotations

Branches:
Dungeon (2/15)

Altars:


Innate Abilities, Weirdness & Mutations

Your plain brown scales are hard. (AC +5)
You cannot fit into any form of body armour.
You are cold-blooded and may be slowed by cold attacks.


Message History

The scorpion stings you.
* * * LOW HITPOINT WARNING * * *
You are lethally poisoned!
The scorpion poisons you!
It was a potion of berserk rage.
A red film seems to cover your vision as you go berserk!
You feel yourself moving faster!
You feel mighty!
* * * LOW HITPOINT WARNING * * *
You feel very sick.
The scorpion stings you but does no damage.
You puncture the scorpion!
You kill the scorpion!
* * * LOW HITPOINT WARNING * * *
You feel sick.
Your Short Blades skill increases to level 1!
You have reached level 4!
You feel agile.
* * * LOW HITPOINT WARNING * * *
You feel sick.
You see here a scorpion corpse.
You feel a strong urge to attack something.
* * * LOW HITPOINT WARNING * * *
You feel sick.
* * * LOW HITPOINT WARNING * * *
You feel sick.
You feel your anger nearly subside.
You are no longer berserk.
You are exhausted.
You feel yourself slow down.
* * * LOW HITPOINT WARNING * * *
You feel sick.
There is a lethal amount of poison in your body!
There is a lethal amount of poison in your body!
There is a lethal amount of poison in your body!
There is a lethal amount of poison in your body!
There is a lethal amount of poison in your body!
There is a lethal amount of poison in your body!
As you read the scroll labelled TIASOM BATAFUL, it crumbles to dust.
The air around you briefly surges with heat, but it dissipates.
It was a scroll of immolation.
You die...

####.#.##
####.>......
###.........##
#.............
#.#.##.##.#J#
#.#....#
#.#..##.....#
#######.#.†##.#.#[#
#......#@.........
#.#####.#.........#
#.# #.#.........
#.# #.#.?.......
#.# #.##...)...#
#######.#
#.##.......#
###.......#
#.##.......#
..........#
#.#####.#.##
###.#####.#


There were no monsters in sight!

Vanquished Creatures
  A scorpion (D:4)
  An adder (D:2)
  2 dart slugs
  5 ball pythons (D:1)
  3 endoplasms (D:1)
  4 giant cockroaches
  5 goblins
  4 hobgoblins
  3 jackals (D:1)
  2 quokkas
  9 bats
  A frilled lizard (D:1)
  2 kobolds (D:1)
  3 rats (D:1)
45 creatures vanquished.

Vanquished Creatures (others)
  2 fungi (D:2)
  9 plants (D:2)
11 creatures vanquished.

Grand Total: 56 creatures vanquished

Notes
Turn   | Place    | Note
-------+----------+-------------------------------------------
     0 | D:1      | Nerdsrcool the Draconian Conjurer began the quest for the
                  | Orb.
     0 | D:1      | Reached XP level 1. HP: 14/14 MP: 3/3
   318 | D:1      | Reached XP level 2. HP: 15/20 MP: 0/5
  1081 | D:1      | Reached XP level 3. HP: 26/26 MP: 4/6
  1905 | D:2      | You fall into a shaft and drop 2 floors!
  2027 | D:4      | Noticed a scorpion
  2055 | D:4      | Killed a scorpion
  2056 | D:4      | Reached skill level 1 in Short Blades
  2056 | D:4      | Reached XP level 4. HP: 9/34 MP: 0/7
  2060 | D:4      | Succumbed to a scorpion's poison

Illustrated notes

Levels and vault maps discovered:
D:1:      matt_arrival_grand_opening, layout_basic, grunt_decor_junction
D:2:      layout_loops_ring, shapermc_ecumenical_altar_hornbeckon, serial_shops,
          shop, minmay_misc_feat_nine_boxes, minmay_randomly_rotated_circles
D:4:      layout_loops_ring, nicolae_overflow_crystal_walls

Skill      XL: |  1  2  3 |
---------------+----------+-----
Stealth        | 2 |  2.1
Dodging        | 2 |  2.6
Short Blades   | 1 |  1.2
Fighting       | |  0.4
Spellcasting   | |  2.6
Conjurations   | |  4.9

Action                   |  1- 3 |  4- 6 || total
-------------------------+-------+-------++-------
Melee: Dagger            |    70 |       ||    70
       Tailslap          |     9 |       ||     9
 Cast: Magic Dart        |    88 |       ||    88
  Use: Potion            |     1 |       ||     1
       Scroll            |       |     1 ||     1
Armor: Skin              |    45 |       ||    45
Dodge: Dodged            |    67 |       ||    67
